 Dungeon Crawl Stone Soup version 0.20.1-1-g8b1a95d (webtiles) character file.

2076 robertstho the Cleaver (level 9, -2/118 HPs)
             Began as a Minotaur Berserker on Aug 1, 2017.
             Was a Priest of Trog.
             Slain by a guardian serpent (5 damage)
             ... on level 1 of the Abyss.
             The game lasted 00:14:29 (5815 turns).

robertstho the Cleaver (Minotaur Berserker)         Turns: 5815, Time: 00:14:29

Health: -2/118     AC:  6    Str: 27    XL:     9   Next: 6%
Magic:  0/8        EV: 10    Int:  5    God:    Trog [***...]
Gold:   207        SH:  0    Dex: 12    Spells: 8/8 levels left

rFire    . . .     SeeInvis .   a - +1 hand axe
rCold    . . .     Gourm    .   (no shield)
rNeg     . . .     Faith    .   i - +0 ring mail (curse)
rPois    .         Spirit   +   (helmet restricted)
rElec    .         Reflect  .   (no cloak)
rCorr    .         Harm     .   (no gloves)
MR       ++...                  (no boots)
Stlth    ..........             q - amulet of guardian spirit
Regen    1.3/turn               (no ring)
MPRegen  0.2/turn               (no ring)

@: berserking (expiring), lethally poisoned (-2 -> -2), regenerating,
constricted, very quick
A: retaliatory headbutt, horns 2
a: Berserk, Trog's Hand, Burn Spellbooks, Renounce Religion


You were on level 1 of the Abyss.
You worshipped Trog.
Trog was most pleased with you.
You were hungry.

You visited 1 branch of the dungeon, and saw 6 of its levels.
You visited the Abyss 1 time.

You collected 410 gold pieces.
You spent 203 gold pieces at shops.

Inventory:

Hand Weapons
 a - a +1 hand axe (weapon)
Armour
 b - a +0 animal skin
 i - a cursed +0 ring mail (worn)
 u - a cursed +0 plate armour
Jewellery
 q - an amulet of guardian spirit (around neck)
Wands
 r - a wand of flame (14/48)
Scrolls
 f - 2 scrolls of enchant weapon
 g - 2 scrolls of blinking {unknown}
 h - 2 scrolls of teleportation
 k - 2 scrolls of enchant armour {unknown}
 n - a scroll of fog
 t - 2 scrolls of random uselessness
 w - 3 scrolls of remove curse {unknown}
 x - a scroll of immolation {unknown}
 y - a scroll of magic mapping {unknown}
Potions
 e - a potion of haste
 j - 5 potions of curing
 m - 2 potions of heal wounds
 p - a potion of might
 s - a potion of agility
 v - a potion of cancellation
Comestibles
 c - 4 bread rations
 d - 2 fruits
 l - 5 meat rations
 z - a royal jelly


   Skills:
 * Level 7.3 Fighting
 * Level 10.7 Axes
 * Level 7.1 Armour
 + Level 3.8 Dodging
 - Level 0.1 Stealth


You had 8 spell levels left.
You didn't know any spells.

Dungeon Overview and Level Annotations

Branches:
Dungeon (6/15)             Temple (0/1) D:5

Altars:
Elyvilon
Gozag
Hepliaklqana
Nemelex Xobeh
Okawaru
Trog
Vehumet
Xom
Yredelemnul
Zin

Shops:
D:4 ?


Innate Abilities, Weirdness & Mutations

You reflexively headbutt those who attack you in melee.
You have a pair of horns on your head.


Message History

You closely miss the guardian serpent. The guardian serpent hits you!
* * * LOW HITPOINT WARNING * * *
You slash the naga warrior! Your headbutt misses the naga warrior.
The naga warrior is moderately wounded.
You miss the guardian serpent. The guardian serpent hits you!!
* * * LOW HITPOINT WARNING * * *
You barely miss the naga warrior.
The naga warrior is moderately wounded.
You hit the guardian serpent. The naga warrior spits poison at you.
The splash of poison hits you!
You are more poisoned.
* * * LOW HITPOINT WARNING * * *
x2 The naga warrior constricts you.
The guardian serpent hits you!
* * * LOW HITPOINT WARNING * * *
You slash the naga warrior!
The naga warrior is moderately wounded.
You barely miss the guardian serpent.
You feel sick. The guardian serpent hits you.
You die...

#. #. .. # ##.##
# .N.# #'## #NN#
#... # #SN#
###..... #
####.@# ...
....#
##.....#### ..
.....# #
...........'....
. ..'.
###.#...####..#
.....# # ##..#
##.......# ....#
#..... #. ....##
## ...## ####.
## ## #. #


You could see a naga warrior, a guardian serpent and 3 nagas.

Vanquished Creatures
  Pikel (D:5)
  The ghost of Golfball the Fighter, a novice GrBe of Trog (D:5)
  Grinder (D:3)
  Eustachio (D:5)
  A phantom (D:6)
  2 slaves (D:5)
  A bullfrog (D:6)
  4 wights (D:6)
  A crimson imp (D:6)
  A jelly (D:5)
  A hound (D:4)
  4 orc wizards (D:4)
  3 orc priests (D:4)
  3 worker ants (D:6)
  A hound skeleton (D:4)
  12 adders
  5 worms
  3 dart slugs
  4 leopard geckos
  10 orcs
  11 bats
  3 giant cockroaches
  9 goblins
  9 hobgoblins
  2 jackals (D:5)
  4 kobolds
  2 quokkas
  3 ball pythons
  2 frilled lizards
  A leopard gecko zombie (D:5)
  5 rats
111 creatures vanquished.

Notes
Turn   | Place    | Note
-------+----------+-------------------------------------------
     0 | D:1      | robertstho the Minotaur Berserker began the quest for the Orb.
     0 | D:1      | Reached XP level 1. HP: 19/19 MP: 0/0
     7 | D:1      | Noticed a swamp worm
     7 | D:1      | Noticed a crocodile
     7 | D:1      | Noticed a hound
     7 | D:1      | Noticed a wyvern
     7 | D:1      | Noticed a polar bear
   319 | D:1      | Reached XP level 2. HP: 16/27 MP: 1/1
   455 | D:1      | Reached skill level 4 in Axes
   557 | D:1      | Found an iron altar of Okawaru.
   866 | D:2      | Reached ** piety under Trog
   866 | D:2      | Reached XP level 3. HP: 28/33 MP: 2/2
  1506 | D:2      | Found a hazy altar of Hepliaklqana.
  1527 | D:2      | Reached XP level 4. HP: 37/40 MP: 3/3
  1955 | D:3      | Reached skill level 5 in Axes
  2548 | D:3      | Reached XP level 5. HP: 39/46 MP: 4/4
  2591 | D:3      | Noticed Grinder
  2606 | D:3      | Killed Grinder
  2606 | D:3      | Reached skill level 5 in Armour
  2606 | D:3      | Reached XP level 6. HP: 24/55 MP: 5/5
  2921 | D:4      | Found Sairel's Magic Scroll Shoppe.
  2925 | D:4      | Bought a scroll of identify for 28 gold pieces
  2925 | D:4      | Bought 2 scrolls of random uselessness for 28 gold pieces
  2925 | D:4      | Bought a scroll of amnesia for 49 gold pieces
  2925 | D:4      | Bought a scroll of noise for 14 gold pieces
  2925 | D:4      | Bought a scroll of identify for 28 gold pieces
  2925 | D:4      | Bought a scroll of identify for 28 gold pieces
  2925 | D:4      | Bought a scroll of identify for 28 gold pieces
  2993 | D:4      | Found an opulent altar of Gozag.
  3283 | D:4      | Reached *** piety under Trog
  3417 | D:4      | Reached skill level 6 in Axes
  3753 | D:4      | Reached skill level 5 in Fighting
  3777 | D:4      | Reached XP level 7. HP: 41/61 MP: 3/6
  3780 | D:4      | Reached skill level 7 in Axes
  4051 | D:5      | Entered Level 5 of the Dungeon
  4087 | D:5      | Found a bloodstained altar of Trog.
  4088 | D:5      | Found a shimmering altar of Xom.
  4089 | D:5      | Found a white marble altar of Elyvilon.
  4089 | D:5      | Found a glowing silver altar of Zin.
  4089 | D:5      | Found a radiant altar of Vehumet.
  4089 | D:5      | Found a sparkling altar of Nemelex Xobeh.
  4090 | D:5      | Found a basalt altar of Yredelemnul.
  4469 | D:5      | Noticed Golfball's ghost (novice GrBe)
  4479 | D:5      | Killed Golfball's ghost
  4479 | D:5      | Reached skill level 8 in Axes
  4479 | D:5      | Reached XP level 8. HP: 70/70 MP: 3/7
  4557 | D:5      | Found a staircase to the Ecumenical Temple.
  4599 | D:5      | Noticed Eustachio
  4616 | D:5      | Killed Eustachio
  4616 | D:5      | Reached skill level 9 in Axes
  4739 | D:5      | Noticed Pikel
  4755 | D:5      | Killed Pikel
  4755 | D:5      | Reached skill level 10 in Axes
  5632 | D:6      | Reached XP level 9. HP: 79/79 MP: 8/8
  5696 | D:6      | Cast into level 1 of the Abyss (orc priest)
  5765 | Abyss:1  | Found a corrupted altar of Lugonu.
  5805 | Abyss:1  | Noticed a naga warrior
  5807 | Abyss:1  | Noticed a guardian serpent
  5814 | Abyss:1  | HP: 3/118 [guardian serpent (8)]
  5815 | Abyss:1  | Slain by a guardian serpent

Skill      XL: |  1  2  3  4  5  6  7  8 |
---------------+-------------------------+-----
Fighting       | 4 5 7 |  7.3
Axes           | 4 5 6 8 10 | 10.7
Armour         | 3 4 5 6 7 |  7.1
Dodging        | 3 |  3.8
Stealth        | |  0.1

Action                   |  1- 3 |  4- 6 |  7- 9 || total
-------------------------+-------+-------+-------++-------
Melee: Hand axe          |    80 |   142 |   111 ||   333
       Headbutt          |     9 |    17 |    16 ||    42
Invok: Berserk           |     1 |     3 |     3 ||     7
       Trog's Hand       |       |       |     1 ||     1
  Use: Scroll            |       |     9 |     3 ||    12
  Eat: Chunk             |     3 |     5 |     7 ||    15
       Royal jelly       |       |     2 |     1 ||     3
       Fruit             |       |       |     1 ||     1
Armor: Ring mail         |    31 |    39 |    36 ||   106
Dodge: Dodged            |    46 |    79 |    60 ||   185
